 Dungeon Crawl Stone Soup version 0.19-a0-1821-g42c593c (webtiles) character file.

271 graki42 the Shield-Bearer (level 6, 53/53 HPs)
             Began as a Minotaur Fighter on Oct 6, 2016.
             Quit the game on level 3 of the Dungeon.
             The game lasted 00:03:29 (1527 turns).

graki42 the Shield-Bearer (Minotaur Fighter)        Turns: 1527, Time: 00:03:30

Health: 53/53      AC:  7    Str: 23    XL:     6   Next: 2%
Magic:  5/5        EV:  8    Int:  5    God:
Gold:   100        SH: 10    Dex:  9    Spells: 0 memorised, 5 levels left

rFire  . . .     SeeInvis .     n - +0 mace (protect)
rCold  . . .     Gourm    .     b - +0 scale mail
rNeg   . . .     Faith    .     c - +0 shield
rPois  .         Spirit   .     (helmet restricted)
rElec  .         Dismiss  .     (no cloak)
rCorr  .         Reflect  .     (no gloves)
MR     .....     Harm     .     (no boots)
Stlth  ..........               (no amulet)
                                (no ring)
                                h - ring of wizardry

@: no status effects
A: retaliatory headbutt, horns 2
a: no special abilities


You were on level 3 of the Dungeon.
You were not hungry.

You visited 1 branch of the dungeon, and saw 3 of its levels.

You collected 100 gold pieces.

Inventory:

Hand Weapons
 a - a +0 flail
 n - a +0 mace of protection (weapon)
Armour
 b - a +0 scale mail (worn)
 c - a +0 shield (worn)
Jewellery
 h - a ring of wizardry (left hand)
 m - an uncursed ring of ice {unknown}
 p - a +4 ring of strength {unknown}
Scrolls
 i - 2 scrolls of fear {unknown}
 j - a scroll of teleportation {unknown}
 q - a scroll of identify {unknown}
Potions
 d - a potion of berserk rage {unknown}
 e - a potion of agility {unknown}
 k - a potion of heal wounds {unknown}
Comestibles
 f - a bread ration
 g - a slice of pizza
 l - a fruit


   Skills:
 + Level 4.3 Fighting
 + Level 4.1 Maces & Flails
 + Level 5.0 Armour
 + Level 1.9 Dodging
 + Level 0.1 Stealth
 + Level 5.4 Shields


You had 5 spell levels left.
You didn't know any spells.

Dungeon Overview and Level Annotations

Branches:
Dungeon (3/15)

Altars:
Ashenzari


Innate Abilities, Weirdness & Mutations

You reflexively headbutt those who attack you in melee.
You have a pair of horns on your head.


Message History

There is a stone staircase leading up here.
You see here a stone.
Things that are here:
a dagger; a goblin corpse You see here a rat corpse.
You see here a club.
All of the chunks of flesh in your inventory have rotted away.
There is a stone staircase leading up here.
You see here 22 stones.
Done exploring.
Done exploring.
Search for what [? for help]? mace
(D) Dungeon
Where to? (Enter - D:2, ? - help)
You see here a short sword.
There is a stone staircase leading down here.
You climb downwards.
Found a shattered altar of Ashenzari.
There is a stone staircase leading up here.
Are you sure you want to abandon this character and quit the game? (Confirm with "yes".)

###.####.# ..#
... ....# ...
............
#.###.....##
.###.#####_####
.....###.....##
#............
#....@....#
#.######.##


There were no monsters in sight!

Vanquished Creatures
  Sigmund (D:2)
  2 adders (D:2)
  4 gnolls
  An ooze (D:1)
  A worm (D:2)
  A dart slug (D:2)
  3 leopard geckos
  4 goblins (D:2)
  A hobgoblin (D:1)
  3 jackals (D:1)
  9 bats
  2 frilled lizards (D:1)
  6 kobolds
  3 rats
41 creatures vanquished.

Notes
Turn   | Place    | Note
-------+----------+-------------------------------------------
     0 | D:1      | graki42 the Minotaur Fighter began the quest for the Orb.
     0 | D:1      | Reached XP level 1. HP: 19/19 MP: 0/0
   122 | D:1      | Reached XP level 2. HP: 26/27 MP: 1/1
   248 | D:1      | Reached XP level 3. HP: 9/33 MP: 2/2
   679 | D:2      | Reached skill level 1 in Dodging
   682 | D:2      | Reached XP level 4. HP: 14/40 MP: 3/3
  1032 | D:2      | Noticed Sigmund
  1045 | D:2      | Killed Sigmund
  1045 | D:2      | Reached skill level 5 in Shields
  1045 | D:2      | Reached XP level 5. HP: 20/47 MP: 4/4
  1243 | D:2      | Reached XP level 6. HP: 53/53 MP: 5/5
  1349 | D:2      | Reached skill level 5 in Armour
  1526 | D:3      | Found a shattered altar of Ashenzari.
  1527 | D:3      | Quit the game

Vault maps used:
D:1:      dpeg_arrival_arbitrary_c
D:2:      uniq_sigmund
D:3:      minmay_roachtagon, cheibrodos_ashenzari_chains, first_bread,
          minmay_checkerbox, uniq_crazy_yiuf_cottage

Skill      XL: |  1  2  3  4  5  6 |
---------------+-------------------+-----
Shields        | 4 5 |  5.4
Maces & Flails | 3 4 |  4.1
Fighting       | 4 |  4.3
Armour         | 4 5 |  5.0
Dodging        | 1 |  1.9
Stealth        | |  0.1

Action                   |  1- 3 |  4- 6 || total
-------------------------+-------+-------++-------
Melee: Flail             |    98 |    21 ||   119
       Headbutt          |    17 |    10 ||    27
       Mace              |       |    11 ||    11
  Use: Potion            |       |     1 ||     1
  Eat: Chunk             |       |     2 ||     2
Armor: Scale mail        |    60 |     8 ||    68
Dodge: Dodged            |    44 |     4 ||    48
Block: Shield            |    78 |    10 ||    88
